 Dungeon Crawl Stone Soup version 0.29.1-12-g30fa7ad0bf (webtiles) character file.

Game seed: 13078799013106556443

2964 warriortoast the Covert (level 9, 0/47 HPs)
             Began as a Spriggan Hunter on Dec 12, 2022.
             Was an Initiate of Fedhas.
             Succumbed to a gnoll sergeant's poison
             ... on level 7 of the Dungeon.
             The game lasted 00:20:27 (9560 turns).

warriortoast the Covert (Spriggan Hunter)           Turns: 9560, Time: 00:20:28

Health: 0/47       AC:  3    Str:  7    XL:     9   Next: 52%
Magic:  10/10      EV: 29    Int: 11    God:    Fedhas [......]
Gold:   156        SH:  0    Dex: 28    Spells: 8/8 levels left

rFire   . . .      SeeInvis +   a - +0 shortbow
rCold   . . .      Faith    .   (shield currently unavailable)
rNeg    . . .      Spirit   .   c - +0 robe
rPois   .          Reflect  .   (helmet restricted)
rElec   .          Harm     .   x - +0 cloak
rCorr   .          Rampage  .   (gloves unavailable)
Will    +....                   (boots unavailable)
Stlth   +++++.....              t - amulet of the acrobat
HPRegen 0.15/turn               s - +6 ring of dexterity
MPRegen 0.12/turn               (no ring)

@: lethally poisoned (0 -> -22), very quick
A: very small, no large weapons, unfitting armour, see invisible, speed 3
a: Renounce Religion


You were on level 7 of the Dungeon.
You worshipped Fedhas.
Fedhas was noncommittal.
You visited 2 branches of the dungeon, and saw 9 of its levels.

You collected 346 gold pieces.
You spent 190 gold pieces at shops.

Inventory:

Hand Weapons
 a - a +0 shortbow (weapon)
Missiles
 J - a throwing net
Armour
 c - a +0 robe (worn)
 x - a +0 cloak (worn)
Jewellery
 l - a ring of fire
 s - a +6 ring of dexterity (left hand)
 t - an amulet of the acrobat (around neck)
 v - a ring of ice
 z - an amulet of regeneration
 I - a ring of resist corrosion
Wands
 n - a wand of roots (13)
Scrolls
 b - a scroll of immolation
 d - 2 scrolls of teleportation {unknown}
 f - 3 scrolls of amnesia {unknown}
 g - a scroll of noise {unknown}
 i - a scroll of torment {unknown}
 o - 2 scrolls of vulnerability {unknown}
 p - 2 scrolls of blinking
 q - a scroll of magic mapping
 r - a scroll of butterflies
 y - a scroll of silence {unknown}
 B - 2 scrolls of identify
 C - a scroll of enchant armour {unknown}
 D - a scroll of enchant weapon {unknown}
 F - a scroll of poison {unknown}
 G - a scroll of acquirement {unknown}
Potions
 e - 3 potions of lignification
 h - a potion of attraction
 j - a potion of ambrosia {unknown}
 k - 2 potions of degeneration
 m - a potion of berserk rage
 u - a potion of might
 w - 2 potions of brilliance {unknown}
 A - a potion of resistance {unknown}
 E - 2 potions of magic {unknown}
 H - a potion of heal wounds


   Skills:
 - Level 5.0 Fighting
 + Level 8.3 Ranged Weapons
 + Level 9.7 Dodging
 - Level 10.0 Stealth


You had 8 spell levels left.
You didn't know any spells.
Your spell library contained the following spells:

 Spells                   Type           Power      Damage    Failure   Level
 Magic Dart               Conj           0%         1d3       34%         1
 Call Imp                 Summ           0%         N/A       47%         2
 Call Canine Familiar     Summ           0%         N/A       71%         3
 Mephitic Cloud           Conj/Pois/Air  0%         N/A       71%         3
 Summon Guardian Golem    Hex/Summ       0%         N/A       71%         3
 Monstrous Menagerie      Summ           0%         N/A       100%        7


Dungeon Overview and Level Annotations

Branches:
Dungeon (8/15)             Temple (1/1) D:7
   Lair: D:8-11

Altars:
Cheibriados
Dithmenos
Elyvilon
Fedhas
Makhleb
Nemelex Xobeh
Ru
Trog
Uskayaw
Vehumet
Wu Jian
Zin
The Shining One

Shops:
D:3 ?


Innate Abilities, Weirdness & Mutations

You are very small and have problems with some larger weapons.
You are too small for most types of armour.
You have supernaturally acute eyesight. (SInv)
You cover ground extremely quickly. (Speed+++)


Message History

The arrow hits the gnoll but does no damage.
The gnoll is heavily wounded.
You hear a shout!
The gnoll sergeant misses you.
A gnoll comes into view. It is wielding a +0 spear.
You shoot an arrow. The arrow hits the gnoll!
You kill the gnoll!
Fedhas appreciates your contribution to the ecosystem.
The gnoll sergeant hits you from afar with a +0 spear of venom!
You shoot an arrow. The arrow hits the gnoll!
You kill the gnoll!
Fedhas appreciates your contribution to the ecosystem.
The gnoll sergeant misses you.
There is a stone staircase leading up here.
You shoot an arrow.
The arrow hits the gnoll sergeant but does no damage.
The gnoll sergeant is lightly wounded.
You shoot an arrow.
The arrow hits the gnoll sergeant but does no damage.
The gnoll sergeant is lightly wounded.
You shoot an arrow. The arrow hits the gnoll sergeant!
The gnoll sergeant is heavily wounded.
The gnoll sergeant misses you.
The gnoll sergeant hits you from afar with a +0 spear of venom!
You are poisoned.
You shoot an arrow.
The arrow barely misses the gnoll sergeant.
The arrow hits the gnoll!
You kill the gnoll!
Fedhas appreciates your contribution to the ecosystem.
You feel very sick.
The gnoll sergeant hits you from afar with a +0 spear of venom!
* * * LOW HITPOINT WARNING * * *
You are lethally poisoned!
* * * LOW HITPOINT WARNING * * *
You feel very sick.
The gnoll sergeant hits you but does no damage.
You climb upwards.
You die...
Fedhas appreciates your contribution to the ecosystem.

###### #....#
##################....#
#######...........#....#....#
#......................#....#
#.###'###.#)...........#....##
##.#.....#...................).
#..#.....#....@................
#..#.._..#....).#.#.###########
#..#.g..g#......#.#.#
#..#.....#.....)#.#.#
#..#######...#.#..#.#
#...........##.#.##.#
#...........##.#.<#.#
##############.#..#.#
#^...#.####


You could see a gnoll bouda (wandering).

Vanquished Creatures
  Sigmund (D:3)
  A water moccasin (D:7)
  Edmund (D:6)
  3 ice beasts
  A black bear (D:5)
  2 sky beasts
  A centaur (D:5)
  2 phantoms (D:4)
  2 kobold brigands
  2 bullfrogs
  A gnoll sergeant (D:7)
  3 necrophages
  3 scorpions
  3 wights (D:7)
  2 killer bees
  5 hounds
  2 orc priests (D:6)
  Jessica (D:2)
  An iguana (D:4)
  Natasha (twice) (D:3)
  3 orc wizards
  Ijyb (D:3)
  23 gnolls
  10 adders
  A shadow imp (D:7)
  A white imp (D:7)
  2 ufetubi (D:4)
  5 worms
  4 dart slugs
  18 orcs
  8 ball pythons
  6 endoplasms
  2 giant cockroaches
  A goblin (D:1)
  4 hobgoblins
  3 quokkas
  7 bats
  10 frilled lizards
  17 kobolds
  4 rats
169 creatures vanquished.

Vanquished Creatures (others)
  A fungus (D:6)
  7 plants (D:2)
8 creatures vanquished.

Grand Total: 177 creatures vanquished

Notes
Turn   | Place    | Note
-------+----------+-------------------------------------------
     0 | D:1      | warriortoast the Spriggan Hunter began the quest for the
                  | Orb.
     0 | D:1      | Reached XP level 1. HP: 10/10 MP: 2/2
   100 | D:1      | Reached skill level 2 in Stealth
   154 | D:1      | Reached XP level 2. HP: 15/15 MP: 3/3
   855 | D:2      | Reached XP level 3. HP: 16/18 MP: 4/4
  1085 | D:2      | Reached skill level 3 in Stealth
  1100 | D:2      | Noticed Jessica
  1103 | D:2      | Killed Jessica
  1104 | D:2      | Reached XP level 4. HP: 23/23 MP: 5/5
  1206 | D:2      | Found a faded altar of an unknown god.
  1335 | D:3      | Noticed Ijyb
  1341 | D:3      | Noticed Natasha
  1631 | D:3      | Found a snail-covered altar of Cheibriados.
  1670 | D:3      | Noticed Sigmund
  1766 | D:3      | Killed Natasha
  1767 | D:3      | Reached skill level 4 in Stealth
  1767 | D:3      | Reached XP level 5. HP: 24/27 MP: 6/6
  2198 | D:3      | Got Onufocs's Tome of Summoning
  2244 | D:3      | Found Aciask's Magic Scroll Shop.
  2253 | D:3      | Bought a scroll of blinking for 75 gold pieces
  2414 | D:3      | Identified the +6 chain mail "Gicryjisch" {Fly rCorr Int-4
                  | Slay+5}
  2462 | D:3      | Noticed Natasha
  2477 | D:3      | Killed Natasha
  2734 | D:3      | Bought a scroll of magic mapping for 75 gold pieces
  2756 | D:4      | Reached skill level 5 in Ranged Weapons
  2756 | D:4      | Reached XP level 6. HP: 32/32 MP: 7/7
  2987 | D:4      | Reached skill level 5 in Stealth
  3002 | D:4      | Reached skill level 5 in Dodging
  3696 | D:4      | Reached skill level 6 in Stealth
  3696 | D:4      | Reached XP level 7. HP: 9/36 MP: 8/8
  4760 | D:3      | Killed Ijyb
  4825 | D:3      | Killed Sigmund
  4980 | D:3      | Bought a scroll of identify for 20 gold pieces
  4980 | D:3      | Bought a scroll of identify for 20 gold pieces
  5042 | D:5      | Entered Level 5 of the Dungeon
  5062 | D:5      | Found a burning altar of Makhleb.
  5072 | D:5      | Reached skill level 7 in Stealth
  5633 | D:5      | Reached XP level 8. HP: 42/42 MP: 9/9
  6257 | D:5      | Found a sacrificial altar of Ru.
  6315 | D:6      | Found a radiant altar of Vehumet.
  6847 | D:5      | Reached skill level 8 in Stealth
  7455 | D:6      | Found a glowing silver altar of Zin.
  7826 | D:6      | Noticed Edmund
  7882 | D:6      | Killed Edmund
  7883 | D:6      | Reached skill level 5 in Fighting
  7883 | D:6      | Reached skill level 9 in Stealth
  7892 | D:6      | Reached XP level 9. HP: 28/47 MP: 10/10
  8251 | D:7      | Found a shadowy altar of Dithmenos.
  8363 | D:7      | Found a white marble altar of Elyvilon.
  8633 | D:7      | Found a bloodstained altar of Trog.
  8668 | D:7      | Reached skill level 10 in Stealth
  9050 | D:7      | Found an ornate altar of the Wu Jian Council.
  9384 | D:7      | Found a staircase to the Ecumenical Temple.
  9390 | Temple   | Entered the Ecumenical Temple
  9399 | Temple   | Became a worshipper of Fedhas Madash
  9560 | D:7      | Succumbed to a gnoll sergeant's poison

Illustrated notes

Levels and vault maps discovered:
D:1:      amcnicky_arrival_underground_garden, layout_basic,
          minmay_tree_intersection
D:2:      layout_basic, hellmonk_ecumenical_altar_pennies_from_heaven,
          serial_bayou_lagoon_b, uniq_jessica
D:3:      layout_loops_ring, slow_altar_1, serial_shops, shop_fountains,
          st_stairs_11, uniq_ijyb, uniq_natasha, uniq_sigmund
D:4:      layout_basic, minmay_misc_feat_more_columns
D:5:      layout_gridville, nicolae_ru_the_path_less_chosen,
          makhleb_heckhound_becter
D:6:      layout_rooms, mainiacjoe_overflow_chevrons, kennysheep_mini_moat,
          minmay_misc_feat_hallway, uniq_edmund
D:7:      layout_basic, grunt_dithmenos_shadows, kennysheep_little_box,
          amcnicky_altar_gilded, mainiacjoe_overflow_alcove_4,
          minmay_temple_entry_enclosed_plants, minmay_splitting_lines,
          kennysheep_another_room, kennysheep_generic_room_4
D:8:      cheibrodos_elevator_heist, layout_layer_cave,
          nicolae_qazlal_eye_of_the_storm, nicolae_diode_intersection
Temple:   eino_wide_crystal_templ

Skill      XL: |  1  2  3  4  5  6  7  8  9 |
---------------+----------------------------+-----
Stealth        | 2 3 4 6 7 9 10 | 10.0
Dodging        | 3 4 5 6 8 9 |  9.7
Fighting       | 2 3 4 5 |  5.0
Ranged Weapons | 5 6 7 8 |  8.3

Action                   |  1- 3 |  4- 6 |  7- 9 || total
-------------------------+-------+-------+-------++-------
 Fire: Shortbow          |   100 |   226 |   411 ||   737
  Use: Scroll            |       |       |     5 ||     5
Armor: Robe              |     5 |     8 |    15 ||    28
Dodge: Dodged            |    23 |    88 |   218 ||   329
